 Dungeon Crawl Stone Soup version 0.20.1-1-g8b1a95d (webtiles) character file.

55561 vatarom the Peltast (level 15, -17/115 HPs)
             Began as a Formicid Fighter on Sept 8, 2017.
             Was the Champion of Ru.
             Killed from afar by Roxanne (69 damage)
             ... with a crystal spear
             ... on level 14 of the Dungeon.
             The game lasted 00:45:11 (19579 turns).

vatarom the Peltast (Formicid Fighter)             Turns: 19579, Time: 00:45:14

Health: -17/115    AC: 16    Str: 26    XL:     15   Next: 18%
Magic:  0/21       EV:  8    Int: 13    God:    Ru [******]
Gold:   630        SH: 31    Dex: 13    Spells: 14/14 levels left

rFire    . . .     SeeInvis +   K - +6 Majin-Bo {vamp, Archmagi MP+6 Int+6}
rCold    . . .     Gourm    .   q - +10 large shield of Ignorance {rN+ Int-4}
rNeg     + + .     Faith    .   Q - +0 plate armour {rF+}
rPois    .         Spirit   +   (helmet unavailable)
rElec    .         Reflect  .   M - scarf {Spirit}
rCorr    .         Harm     .   o - +0 pair of gloves
MR       +....                  (no boots)
Stlth    ..........             y - amulet of regeneration
Regen    1.1/turn               k - ring of positive energy
MPRegen  0.2/turn               L - ring of protection from cold

@: mighty, no scrolls
A: permanent stasis, dig shafts and tunnels, four strong arms, antennae 3,
regeneration 1, screaming 1, inability to read while threatened, hated by all,
no earth magic, no summoning magic, no transmutations magic, temperature
sensitive, sturdy frame 1
a: Dig, Shaft Self, Draw Out Power, Power Leap, Apocalypse, Renounce Religion


You were on level 14 of the Dungeon.
You worshipped Ru.
Ru was exalted by your worship.
You were not hungry.

You visited 3 branches of the dungeon, and saw 21 of its levels.
You also visited: Labyrinth.

You collected 1852 gold pieces.
You spent 1222 gold pieces at shops.

Inventory:

Hand Weapons
 E - the +11 falchion of the Establishment {protect, -Tele rF+++ rC+++}
   (You found it on level 10 of the Dungeon)

   It protects the one who uses it against injury (+AC on strike).
   It renders you almost immune to fire.
   It renders you almost immune to cold.
   It prevents most forms of teleportation.
 K - the +6 Majin-Bo (weapon) {vamp, Archmagi MP+6 Int+6}
   (You found it on level 11 of the Dungeon)

   It inflicts no extra harm, but heals its wielder when it wounds a living foe.
   It affects your intelligence (+6).
   It affects your magic capacity (+6).
Armour
 b - a +1 scale mail
 o - a +0 pair of gloves (worn)
 q - the +10 large shield of Ignorance (worn) {rN+ Int-4}
   (You bought it in a shop on level 4 of the Dungeon)

   It affects your intelligence (-4).
   It protects you from negative energy.
 M - a scarf of spirit shield (worn)
 Q - a +0 plate armour of fire resistance (worn)
Jewellery
 k - a ring of positive energy (left hand)
 l - an uncursed ring of resist corrosion
 n - an uncursed ring of flight
 v - the ring of Jus Conk {+Inv rPois Str+6 Int+2 Slay-3}
   (You took it off a red devil on level 6 of the Lair of Beasts)

   [ring of strength]

   It affects your strength (+6).
   It affects your intelligence (+2).
   It affects your accuracy and damage with ranged weapons and melee attacks
   (-3).
   It protects you from poison.
   It lets you turn invisible.
 y - an amulet of regeneration (around neck)
 L - a ring of protection from cold (right hand)
 S - an uncursed ring of ice
Wands
 d - a wand of lightning (6/15)
 e - a wand of flame (30/48)
 j - a wand of lightning (7/15)
 t - a wand of paralysis (7/24)
 u - a wand of lightning (8/15)
 x - a wand of disintegration (16/24)
 H - a wand of acid (3/15)
 I - a wand of paralysis (11/24)
 J - a wand of digging (11/24)
 N - a wand of flame (22/48)
 T - a wand of polymorph (6/24)
 U - a wand of random effects (29/48)
 Y - a wand of random effects (15/48)
Scrolls
 g - 8 scrolls of remove curse
 r - a scroll of fog
 A - 2 scrolls of enchant weapon
 B - 3 scrolls of recharging
 C - a scroll of silence
 D - 4 scrolls of identify
 F - 3 scrolls of enchant armour
 R - 4 scrolls of amnesia
 X - a scroll of fear
Potions
 a - 5 potions of brilliance
 i - 4 potions of curing
 s - a potion of invisibility
 w - a potion of ambrosia
 z - 3 potions of magic
 O - a potion of flight
 P - 3 potions of heal wounds
Comestibles
 f - 9 bread rations
 h - 12 meat rations
 m - 12 royal jellies
 p - 33 fruits


   Skills:
 - Level 10.0 Fighting
 - Level 6.4 Long Blades
 + Level 14.9 Staves
 * Level 5.2 Throwing
 - Level 11.4 Armour
 - Level 15.5 Shields


You had 14 spell levels left.
You didn't know any spells.

Dungeon Overview and Level Annotations

Branches:
Dungeon (14/15)            Temple (1/1) D:4            Lair (6/6) D:10
 Shoals (0/4) Lair:4       Spider (0/4) Lair:4        Slime (0/5) Lair:5
    Orc (0/2) D:12
 Vaults: D:13-14

Altars:
Ashenzari
Cheibriados
Dithmenos
Elyvilon
Fedhas
Gozag
Hepliaklqana
Kikubaaqudgha
Makhleb
Nemelex Xobeh
Okawaru
Qazlal
Ru
Sif Muna
Trog
Uskayaw
Vehumet
Xom
Yredelemnul
Zin
The Shining One

Shops:
D:4 [   D:9 }

Portals:
Hell: Lair:6

Annotations:
D:14 exclusion: Roxanne, Roxanne


Innate Abilities, Weirdness & Mutations

You cannot be hasted, slowed, berserked, paralysed or teleported.
You can dig through walls and to a lower floor.
Your four strong arms can wield two-handed weapons with a shield.
You have a pair of large antennae on your head. (SInv)
You occasionally shout uncontrollably at your foes.
You cannot read scrolls while threatened.
You are hated by all.
You cannot study or cast Earth magic.
You cannot study or cast Summoning magic.
You cannot study or cast Transmutations magic.
You are sensitive to extremes of temperature. (rF-, rC-)
Your natural rate of healing is unusually fast.
Your movements are slightly less encumbered by armour. (ER -2)


Message History

Roxanne is heavily damaged.
You hit Roxanne.
Roxanne is heavily damaged.
Roxanne casts a spell.
The orb of energy hits you!
You feel threatened and lose the ability to read scrolls!
The orb of energy explodes!
You hear a chilling moan.
You are too injured to fight recklessly!
You sock Roxanne!
Roxanne is severely damaged.
You feel very mighty all of a sudden.
You can read scrolls again.
You sock Roxanne!
Roxanne is severely damaged.
Roxanne mumbles some strange words.
The crystal spear hits you!
You feel threatened and lose the ability to read scrolls!
Ouch! That really hurt!
You die...

# #. #. #.
#.##" ##
..#.########
. ..........#
. #........#
#.##...8....#
#.#...@../..#
#...........#
###.........#
#........<#
#<........#
#...........
+..........#
...........#
...........##


You could see Roxanne.

Vanquished Creatures
  Frances (D:13)
  The ghost of vatarom the Stormcaller, a journeyman TeAE of Vehumet (Lair:6)
  3 hydras
  3 two-headed ogres
  A tengu warrior (D:13)
  Nergalle (Lair:4)
  A sun demon (Lair:6)
  4 skeletal warriors (D:12)
  2 unseen horrors (D:13)
  A wizard (Lair:6)
  A lindwurm (Lair:6)
  2 ugly things
  A manticore (Lair:6)
  3 cyclopes
  An elephant (shapeshifter) (D:13)
  8 elephants (Lair:5)
  A centaur zombie (D:10)
  Maurice (D:8)
  8 black mambas
  A gargoyle (D:12)
  3 orange demons (Lair:6)
  2 torpor snails (Lair:6)
  11 spiny frogs
  8 rime drakes (Lair:6)
  7 komodo dragons
  2 ice devils (Lair:6)
  A red devil (Lair:6)
  A hellwing (Lair:6)
  A polar bear (Lair:6)
  4 trolls
  A hornet (D:11)
  4 dream sheep (Lair:6)
  9 hippogriffs
  A redback (Lab)
  13 blink frogs
  2 shadows
  14 wyverns
  A vampire (D:12)
  2 wraiths
  4 basilisks
  2 hungry ghosts (Lab)
  26 yaks
  A steam dragon (D:12)
  9 vampire mosquitoes
  Eustachio (D:5)
  9 water moccasins
  Duvessa (D:6)
  3 hell hounds (Lair:6)
  5 porcupines
  A sky beast (D:5)
  2 black bears
  An eye of draining (D:13)
  A phantom (D:4)
  7 orc warriors
  6 ice beasts
  An ogre (shapeshifter) (D:4)
  7 ogres
  4 wolves (Lair:6)
  6 centaurs
  16 crocodiles
  19 bullfrogs
  A big kobold (D:9)
  Dowan (D:6)
  2 scorpions (Lair:4)
  8 wights (D:10)
  4 killer bees (D:11)
  A howler monkey (D:5)
  3 crimson imps
  A bullfrog zombie (D:9)
  7 hounds
  3 jellies
  Crazy Yiuf (D:2)
  11 orc priests
  A bullfrog skeleton (D:12)
  3 centaur skeletons
  2 iguanas
  An iron imp (D:6)
  Ijyb (D:3)
  20 orc wizards
  12 worker ants
  A killer bee zombie (D:6)
  An ogre skeleton (Lab)
  2 hound skeletons
  Robin (D:2)
  4 gnolls (D:3)
  A howler monkey zombie (D:10)
  A howler monkey skeleton (D:5)
  14 adders
  4 shadow imps
  4 oozes
  2 adder zombies
  An adder skeleton (D:5)
  7 worms
  2 dart slugs
  9 leopard geckos
  56 orcs
  5 giant cockroaches
  10 goblins
  10 hobgoblins
  12 jackals
  6 kobolds
  5 quokkas
  13 bats
  4 frilled lizards
  A jackal skeleton (D:6)
  6 rats
  A fungus (Lair:5)
  3 plants (Lair:5)
533 creatures vanquished.

Vanquished Creatures (collateral kills)
  A centaur (D:8)
1 creature vanquished.

Vanquished Creatures (others)
  A minotaur (Lab)
  2 hydras
  A komodo dragon (Lair:3)
  A hippogriff (Lair:6)
  A crocodile (Lair:2)
  An earth elemental (Lab)
  2 scorpions
  An orc wizard (D:5)
  An orc (D:13)
  2 fungi (Lair:6)
13 creatures vanquished.

Grand Total: 547 creatures vanquished

Notes
Turn   | Place    | Note
-------+----------+-------------------------------------------
     0 | D:1      | vatarom the Formicid Fighter began the quest for the Orb.
     0 | D:1      | Reached XP level 1. HP: 18/18 MP: 1/1
   181 | D:1      | Reached XP level 2. HP: 19/24 MP: 2/2
   765 | D:1      | Reached XP level 3. HP: 30/30 MP: 3/3
  1256 | D:2      | Reached XP level 4. HP: 29/37 MP: 4/4
  1263 | D:2      | Found a shattered altar of Ashenzari.
  1300 | D:2      | Found a runed door.
  1362 | D:2      | Noticed Crazy Yiuf
  1373 | D:2      | Killed Crazy Yiuf
  1373 | D:2      | Reached skill level 4 in Shields
  1711 | D:2      | Reached skill level 1 in Staves
  1716 | D:2      | Reached XP level 5. HP: 42/42 MP: 5/5
  1952 | D:2      | Noticed Robin
  1956 | D:2      | Killed Robin
  2593 | D:3      | Noticed Ijyb
  2601 | D:3      | Killed Ijyb
  2670 | D:3      | Reached XP level 6. HP: 39/48 MP: 6/6
  2752 | D:3      | Reached skill level 5 in Shields
  2938 | D:3      | Reached XP level 7. HP: 6/53 MP: 7/7
  3874 | D:4      | Reached skill level 6 in Shields
  4036 | D:4      | Reached skill level 7 in Shields
  4046 | D:4      | HP: 2/53 [orc wizard/puff of flame (10)]
  4049 | D:4      | Reached skill level 5 in Staves
  4384 | D:4      | Reached XP level 8. HP: 54/60 MP: 8/8
  4435 | D:4      | Found a shadowy altar of Dithmenos.
  4569 | D:4      | Found Upnaizxa's Armour Shoppe.
  4593 | D:4      | Found a staircase to the Ecumenical Temple.
  4684 | Temple   | Entered the Ecumenical Temple
  5216 | D:4      | Reached skill level 8 in Shields
  5435 | D:5      | Entered Level 5 of the Dungeon
  6068 | D:5      | Found a glowing golden altar of the Shining One.
  6115 | D:5      | Found a white marble altar of Elyvilon.
  6147 | D:5      | Noticed Eustachio
  6254 | D:5      | Killed Eustachio
  6254 | D:5      | Reached skill level 5 in Armour
  6254 | D:5      | Reached XP level 9. HP: 40/65 MP: 9/9
  6818 | D:6      | Noticed Dowan
  6819 | D:6      | Noticed Duvessa
  6835 | D:6      | Killed Dowan
  6837 | D:6      | Killed Duvessa
  7626 | D:6      | Gained mutation: Your natural rate of healing is unusually fast. [potion of mutation]
  7626 | D:6      | Gained mutation: Your movements are slightly less encumbered by armour. (ER -2) [potion of mutation]
  8450 | D:8      | Reached XP level 10. HP: 71/71 MP: 10/10
  8475 | D:8      | Found a shimmering altar of Xom.
  8545 | D:8      | Found a burning altar of Makhleb.
  8546 | D:8      | Found a sacrificial altar of Ru.
  8547 | D:8      | Found a stormy altar of Qazlal.
  8550 | D:8      | Noticed Maurice
  8562 | D:8      | Killed Maurice
  8570 | D:8      | Became a worshipper of Ru the Awakened
  8868 | D:9      | Noticed a two-headed ogre
  8881 | D:9      | HP: 1/73 [two-headed ogre/giant spiked club (29)]
  8884 | D:9      | Killed a two-headed ogre
  8884 | D:9      | Reached skill level 5 in Fighting
  9009 | D:9      | Found Ithracab's Quality Used Wands.
  9386 | D:10     | Entered Level 10 of the Dungeon
  9456 | D:10     | Got a pitted falchion
  9457 | D:10     | Identified the +11 falchion of the Establishment {protect, -Tele rF+++ rC+++} (You found it on level 10 of the Dungeon)
  9502 | D:10     | Gained mutation: You are sensitive to extremes of temperature. (rF-, rC-) [Ru sacrifice]
  9502 | D:10     | Reached * piety under Ru
  9502 | D:10     | Reached ** piety under Ru
  9718 | D:10     | Reached skill level 5 in Long Blades
  9718 | D:10     | Reached skill level 10 in Armour
  9718 | D:10     | Reached XP level 11. HP: 77/81 MP: 11/11
  9752 | D:10     | Found a staircase to the Lair.
 10330 | D:11     | Noticed a two-headed ogre
 10339 | D:11     | Killed a two-headed ogre
 10439 | D:11     | Noticed a cyclops
 10448 | D:11     | Killed a cyclops
 10700 | D:11     | Noticed a brown ugly thing
 10707 | D:11     | Reached skill level 10 in Staves
 10717 | D:11     | Killed a brown ugly thing
 10751 | D:11     | Noticed a two-headed ogre
 10763 | D:11     | Killed a two-headed ogre
 11092 | Lair:1   | Entered Level 1 of the Lair of Beasts
 11505 | Lair:1   | Reached XP level 12. HP: 69/89 MP: 12/12
 11803 | Lair:1   | Gained mutation: You are hated by all. [Ru sacrifice]
 11803 | Lair:1   | Reached *** piety under Ru
 11803 | Lair:1   | Reached **** piety under Ru
 12709 | Lair:3   | Got a faintly glowing mace
 12710 | Lair:3   | Identified the +1 mace "Beetleslayer" {crush, *Noise Int+7} (You found it on level 3 of the Lair of Beasts)
 12748 | Lair:3   | Noticed a six-headed hydra
 12760 | Lair:3   | Killed a six-headed hydra
 13172 | Lair:3   | Reached skill level 10 in Fighting
 13678 | Lair:4   | Reached skill level 1 in Throwing
 13681 | Lair:4   | Gained mutation: You cannot read scrolls while threatened. [Ru sacrifice]
 13681 | Lair:4   | Reached ***** piety under Ru
 13811 | D:10     | Reached XP level 13. HP: 101/103 MP: 13/13
 13924 | D:4      | Bought the +10 large shield of Ignorance {rN+ Int-4} for 802 gold pieces
 14348 | Lair:4   | Noticed Nergalle
 14377 | Lair:4   | Killed Nergalle
 14377 | Lair:4   | Reached skill level 9 in Shields
 14391 | Lair:4   | Found a staircase to the Shoals.
 14483 | Lair:4   | Noticed a five-headed hydra
 14487 | Lair:4   | Killed a five-headed hydra
 14521 | Lair:4   | Reached skill level 10 in Shields
 14734 | Lair:4   | Found a hole to the Spider Nest.
 15000 | Lair:5   | Noticed an eight-headed hydra
 15002 | Lair:5   | Killed an eight-headed hydra
 15034 | Lair:5   | Reached skill level 11 in Shields
 15058 | Lair:5   | Noticed a five-headed hydra
 15070 | Lair:5   | Killed a five-headed hydra
 15208 | Lair:5   | Found a staircase to the Slime Pits.
 15657 | Lair:6   | Entered Level 6 of the Lair of Beasts
 15674 | Lair:6   | Reached skill level 12 in Shields
 15959 | Lair:6   | Reached skill level 13 in Shields
 15973 | Lair:6   | Reached XP level 14. HP: 90/110 MP: 14/14
 16023 | Lair:6   | Noticed vatarom's ghost (journeyman TeAE)
 16045 | Lair:6   | Killed vatarom's ghost
 16162 | Lair:6   | Gained mutation: You occasionally shout uncontrollably at your foes. [Ru sacrifice]
 16163 | Lair:6   | Reached skill level 14 in Shields
 16564 | Lair:6   | Found a burning altar of Makhleb.
 16565 | Lair:6   | Got a flickering platinum ring
 16597 | Lair:6   | Reached skill level 15 in Shields
 16624 | Lair:6   | Identified the ring of Jus Conk {+Inv rPois Str+6 Int+2 Slay-3} (You took it off a red devil on level 6 of the Lair of Beasts)
 16662 | Lair:6   | Found a gateway to Hell.
 17652 | D:4      | Bought a +0 plate armour of fire resistance for 420 gold pieces
 17877 | D:12     | Found a staircase to the Orcish Mines.
 17902 | D:12     | Gained mutation: You cannot study or cast Earth magic. [Ru sacrifice]
 17902 | D:12     | Gained mutation: You cannot study or cast Transmutations magic. [Ru sacrifice]
 17902 | D:12     | Gained mutation: You cannot study or cast Summoning magic. [Ru sacrifice]
 17902 | D:12     | Reached ****** piety under Ru
 18228 | D:13     | Noticed Frances
 18260 | D:13     | Killed Frances
 18293 | D:13     | Found a labyrinth entrance.
 18316 | Lab      | Entered a labyrinth
 18660 | Lab      | Reached XP level 15. HP: 103/115 MP: 15/15
 19417 | D:13     | Reached skill level 5 in Throwing
 19550 | D:14     | Noticed Roxanne
 19579 | D:14     | Killed from afar by Roxanne

Skill      XL: |  1  2  3  4  5  6  7  8  9 10 11 12 13 14 15 |
---------------+----------------------------------------------+-----
Long Blades    | 3 5 6 |  6.4
Shields        | 4 5 7 8 13 15 | 15.5
Staves         | 1 2 4 5 6 8 9 10 12 13 14 | 14.9
Armour         | 5 7 10 11 | 11.4
Fighting       | 5 6 10 | 10.0
Throwing       | 1 3 5 |  5.2

Action                   |  1- 3 |  4- 6 |  7- 9 | 10-12 | 13-15 || total
-------------------------+-------+-------+-------+-------+-------++-------
Melee: Long sword        |    74 |     9 |       |       |       ||    83
       Quarterstaff      |       |   127 |   345 |   549 |  1147 ||  2168
       Falchion          |       |       |       |   116 |       ||   116
Invok: Sacrifice Resista |       |       |       |     1 |       ||     1
       Power Leap        |       |       |       |     1 |       ||     1
       Sacrifice Words   |       |       |       |     1 |       ||     1
       Sacrifice Love    |       |       |       |     1 |       ||     1
       Apocalypse        |       |       |       |       |     2 ||     2
       Draw Out Power    |       |       |       |       |     1 ||     1
       Sacrifice Purity  |       |       |       |       |     1 ||     1
       Sacrifice Arcana  |       |       |       |       |     1 ||     1
 Abil: Dig               |       |     2 |       |     3 |     9 ||    14
Evoke: Wand              |       |       |     1 |       |       ||     1
  Use: Scroll            |     3 |     4 |    10 |    10 |     6 ||    33
       Potion            |       |     2 |     6 |     6 |     1 ||    15
 Stab: Confused          |       |       |     1 |       |       ||     1
       Paralysed         |       |       |     1 |     2 |    12 ||    15
       Petrified         |       |       |       |     5 |       ||     5
       Invisible         |       |       |       |     4 |     4 ||     8
       Distracted        |       |       |       |     1 |     4 ||     5
  Eat: Royal jelly       |     1 |       |       |       |       ||     1
       Chunk             |       |     5 |    14 |     7 |     4 ||    30
       Fruit             |       |       |     3 |       |       ||     3
       Meat ration       |       |       |     1 |       |       ||     1
       Bread ration      |       |       |       |     3 |     4 ||     7
Armor: Scale mail        |    36 |    61 |    99 |   171 |    62 ||   429
       Plate armour      |       |       |       |       |    28 ||    28
Dodge: Dodged            |    26 |    47 |    73 |   172 |    91 ||   409
Block: Shield            |    44 |    98 |   144 |   303 |       ||   589
       Large shield      |       |       |       |       |   972 ||   972
       Rpst.: Long sword |     9 |       |       |       |       ||     9
       Falchion          |       |       |       |     3 |       ||     3
